Map: Frost LE

Players

pahxora - Winner!

  • Race: Zerg Zerg
  • League: Diamond

llllllllllll

  • Race: Protoss Protoss
  • League: Platinum

VOD

Have the link to the VOD?

Description

Time

  • Played on: Oct. 2, 2016, 6:37 p.m.
  • Length: 21:56
Show
View Real Time Build Order
Export as new Build Order

pahxora Zerg - Winner!

Build Orders: Hatch First, Swarm Host 

Get SALT Encoding   

  12  0:01  Drone  
  13  0:12  Overlord  
  13  0:17  Drone  
  14  0:31  Drone x2  
  14  0:35  Drone  
  17  0:46  Drone  
  18  0:58  Hatchery  
  17  1:05  Drone  
  18  1:14  Spawning Pool  
  18  1:17  Drone  
  18  1:20  Extractor  
  18  1:22  Drone  
  18  1:29  Drone  
  19  1:39  Drone  
  20  1:52  Hatchery  
  20  1:53  Drone  
  20  2:02  Drone  
  21  2:11  Drone x2  
  21  2:15  Queen  
  25  2:21  Overlord  
  25  2:23  Drone  
  26  2:30  Metabolic Boost  
  26  2:37  Zergling x2  
  27  2:38  Drone  
  27  2:42  Queen  
  30  2:46  Drone  
  30  2:48  Drone  
  32  2:58  Lair  
  32  2:59  Drone  
  32  3:01  Drone  
  32  3:04  Drone  
  35  3:08  Drone x2  
  37  3:15  Drone  
  37  3:16  Drone x2  
  40  3:26  Queen  
  42  3:28  Overlord  
  42  3:32  Overlord  
  42  3:48  Zergling x14  
  49  3:58  Drone x2  
  49  4:01  Zergling x6  
  51  4:22  Spore Crawler  
  51  4:23  Queen  
  51  4:24  Drone x3, Overlord x2  
  51  4:25  Drone x2  
  51  4:26  Drone x2  
  51  4:28  Extractor  
  51  4:30  Extractor  
  56  4:32  Spore Crawler  
  56  4:36  Extractor, Drone x2  
  56  4:37  Drone x2  
  58  4:40  Spore Crawler  
  58  4:42  Overlord  
  58  4:43  Drone x2  
  57  5:05  Zergling x10  
  57  5:06  Zergling x6  
  60  5:22  Infestation Pit  
  60  5:23  Drone x3  
  60  5:24  Spire, Drone x4  
  65  5:30  Pneumatized Carapace  
  65  5:31  Drone x3  
  65  5:34  Drone  
  69  5:41  Drone x2  
  69  5:42  Drone x2  
  73  5:48  Drone x2  
  73  5:49  Spore Crawler  
  74  6:00  Spore Crawler  
  73  6:04  Spore Crawler  
  73  6:05  Drone x2  
  73  6:06  Drone x2  
  73  6:08  Drone x3  
  73  6:10  Overlord  
  73  6:11  Overlord x2  
  79  6:12  Extractor  
  79  6:15  Extractor  
  77  6:27  Swarm Host  
  77  6:28  Overlord  
  77  6:29  Overlord x2  
  79  6:51  Corruptor  
  79  6:52  Corruptor x8  
  96  7:09  Swarm Host  
  96  7:10  Swarm Host  
  96  7:12  Zergling x24  
  114  7:24  Swarm Host  
  114  7:25  Swarm Host  
  109  7:49  Drone x5  
  109  7:50  Drone x6  
  120  8:03  Drone x2  
  85  8:35  Drone x7  
  85  8:36  Drone x9  
  101  8:52  Hatchery  
  101  8:53  Drone  
  101  8:54  Drone x2  
  103  9:01  Mutalisk  
  103  9:02  Mutalisk  
  107  9:28  Mutalisk x4  
  107  9:30  Overlord x4  
  107  9:31  Overlord x2  
  115  9:53  Mutalisk  
  115  9:54  Mutalisk x5  
  127  10:06  Mutalisk x2  
  129  10:07  Mutalisk x3  
  137  10:16  Hatchery  
  137  10:19  Mutalisk x2  
  138  10:44  Mutalisk x8  
  115  11:26  Mutalisk x6  
  106  11:52  Hatchery  
  105  11:56  Zergling x10  
  110  12:03  Spore Crawler  
  110  12:05  Drone  
  110  12:07  Spore Crawler  
  110  12:08  Drone  
  110  12:18  Drone x2  
  112  12:53  Drone x5  
  112  12:54  Drone x4  
  121  13:00  Swarm Host  
  121  13:02  Queen  
  121  13:05  Queen  
  128  13:06  Queen  
  128  13:10  Mutalisk  
  128  13:11  Mutalisk x3  
  137  13:21  Mutalisk x3  
  126  13:55  Swarm Host  
  126  13:56  Swarm Host x8  
  153  14:12  Hatchery  
  153  14:15  Swarm Host x2  
  153  14:16  Swarm Host  
  161  14:21  Spore Crawler  
  160  14:26  Zerg Flyer Armor Level 1  
  160  14:28  Extractor  
  160  14:30  Extractor  
  156  14:40  Spore Crawler  
  155  14:59  Corruptor  
  155  15:00  Corruptor x3, Hatchery  
  155  15:02  Extractor  
  155  15:04  Extractor  
  156  15:26  Corruptor x4  
  155  15:38  Mutalisk x3  
  161  15:44  Drone x3  
  146  16:03  Drone x7  
  149  16:06  Zergling x2  
  150  16:14  Drone x3  
  153  16:20  Zerg Flyer Weapons Level 1  
  153  16:31  Spore Crawler x2  
  151  16:33  Spore Crawler  
  145  16:55  Spore Crawler  
  145  16:57  Spore Crawler x2  
  136  17:19  Spore Crawler  
  136  17:20  Drone x10  
  136  17:21  Drone x4  
  149  17:30  Zergling x2  
  149  17:31  Zergling x6  
  120  18:21  Zergling x2  
  120  18:22  Zergling x28  
  135  18:37  Drone x3  
  135  18:38  Drone x2  
  140  18:48  Mutalisk  
  140  18:49  Mutalisk x4  
  150  18:58  Hatchery  
  149  19:03  Zergling x10  
  149  19:08  Zerg Flyer Weapons Level 2  
  146  19:18  Hatchery  
  146  19:20  Hatchery  
  139  19:29  Mutalisk x17  
  164  19:35  Spore Crawler  
  152  19:41  Mutalisk  
  152  19:42  Mutalisk x4  
  152  19:49  Mutalisk x2  
  150  20:18  Mutalisk x5  
Show
View Real Time Build Order
Export as new Build Order

llllllllllll Protoss 

Build Orders: 1 Gate Expand 

Get SALT Encoding   

  12  0:01  Probe (Chrono Boost)  
  13  0:11  Probe (Chrono Boost)  
  14  0:22  Pylon, Probe (Chrono Boost)  
  15  0:40  Probe (Chrono Boost)  
  16  0:44  Gateway  
  16  0:51  Assimilator  
  16  0:54  Probe (Chrono Boost)  
  16  0:55  Assimilator  
  17  1:04  Probe (Chrono Boost)  
  18  1:16  Probe (Chrono Boost)  
  19  1:27  Probe (Chrono Boost)  
  20  1:38  Nexus  
  20  1:41  Probe (Chrono Boost)  
  21  1:51  Probe (Chrono Boost)  
  22  1:58  Cybernetics Core  
  22  2:03  Probe (Chrono Boost)  
  23  2:16  Pylon  
  23  2:36  Zealot  
  26  2:41  Mothership Core (Chrono Boost)  
  27  2:51  Assimilator  
  27  2:54  Assimilator  
  27  3:00  Probe (Chrono Boost), Zealot  
  30  3:11  Probe (Chrono Boost)  
  30  3:12  Probe (Chrono Boost)  
  32  3:19  Pylon  
  32  3:22  Probe (Chrono Boost)  
  32  3:24  Probe (Chrono Boost)  
  34  3:28  Stalker  
  34  3:33  Probe (Chrono Boost)  
  37  3:36  Probe (Chrono Boost)  
  38  3:43  Probe (Chrono Boost)  
  38  3:47  Forge  
  38  3:48  Probe (Chrono Boost)  
  40  3:54  Probe (Chrono Boost)  
  41  3:56  Stargate  
  41  4:00  Stargate  
  39  4:21  Stargate  
  39  4:23  Photon Cannon  
  37  4:28  Photon Cannon  
  37  4:31  Probe (Chrono Boost)  
  38  4:36  Probe (Chrono Boost)  
  39  4:39  Pylon  
  39  4:43  Probe (Chrono Boost)  
  40  4:52  Photon Cannon  
  40  4:55  Probe (Chrono Boost)  
  41  5:04  Pylon  
  42  5:07  Probe (Chrono Boost)  
  42  5:09  Oracle x2  
  48  5:14  Oracle  
  48  5:19  Probe (Chrono Boost)  
  52  5:24  Photon Cannon  
  52  5:30  Probe (Chrono Boost)  
  52  5:34  Probe (Chrono Boost)  
  54  5:45  Oracle x2  
  60  5:55  Pylon  
  60  6:01  Pylon  
  60  6:02  Pylon  
  60  6:03  Probe (Chrono Boost)  
  62  6:05  Probe (Chrono Boost)  
  62  6:13  Oracle  
  62  6:14  Probe (Chrono Boost)  
  66  6:18  Oracle  
  66  6:21  Nexus  
  66  6:22  Oracle  
  72  6:34  Photon Cannon  
  72  6:39  Photon Cannon  
  71  6:49  Oracle  
  71  6:53  Oracle x2  
  80  7:09  Photon Cannon  
  80  7:11  Pylon  
  80  7:21  Pylon  
  80  7:23  Pylon  
  80  7:41  Void Ray x2  
  71  7:47  Void Ray  
  68  7:56  Stargate  
  68  7:59  Stargate  
  68  8:19  Void Ray  
  72  8:34  Void Ray  
  76  8:52  Void Ray  
  80  8:55  Void Ray  
  80  8:56  Void Ray  
  80  9:01  Pylon  
  88  9:02  Pylon  
  88  9:04  Pylon  
  87  9:25  Pylon  
  87  9:28  Photon Cannon x2, Void Ray x2  
  95  9:38  Void Ray  
  99  10:01  Void Ray  
  103  10:12  Photon Cannon  
  103  10:15  Photon Cannon, Void Ray  
  103  10:19  Pylon  
  107  10:23  Photon Cannon  
  107  10:39  Phoenix  
  107  10:43  Phoenix  
  84  11:31  Void Ray x2  
  66  11:48  Phoenix x2  
  68  11:54  Zealot  
  70  12:05  Mothership Core (Chrono Boost)  
  72  12:10  Phoenix  
  74  12:21  Zealot  
  77  12:31  Probe (Chrono Boost)  
  77  12:33  Nexus  
  77  12:35  Pylon x2  
  75  12:42  Probe (Chrono Boost)  
  76  12:47  Phoenix x2  
  76  12:49  Zealot  
  82  12:55  Photon Cannon  
  82  12:57  Photon Cannon  
  82  12:59  Photon Cannon  
  82  13:02  Photon Cannon  
  82  13:05  Photon Cannon  
  82  13:07  Pylon  
  80  13:25  Phoenix x2  
  80  13:59  Phoenix x2  
  84  14:08  Assimilator  
  84  14:10  Assimilator  
  84  14:13  Stargate  
  84  14:14  Stargate  
  84  14:17  Pylon  
  84  14:19  Pylon  
  84  14:21  Pylon  
  84  14:27  Photon Cannon  
  84  14:30  Photon Cannon  
  84  14:41  Phoenix  
  84  14:42  Phoenix  
  88  14:48  Stalker  
  90  15:01  Phoenix  
  64  16:01  Void Ray x4  
  66  16:10  Probe (Chrono Boost)  
  67  16:25  Probe (Chrono Boost)  
  68  16:29  Zealot  
  70  16:35  Probe (Chrono Boost)  
  71  16:40  Nexus  
  71  16:44  Void Ray x2  
  71  16:46  Probe (Chrono Boost)  
  80  16:56  Zealot  
  81  17:14  Void Ray x2  
  89  17:23  Zealot  
  91  17:31  Pylon  
  70  18:25  Void Ray  
  74  18:35  Assimilator  
  74  18:39  Assimilator  
  74  18:50  Nexus  
  66  20:02  Pylon, Phoenix  
  52  20:15  Phoenix  
  50  20:26  Assimilator  
  50  20:27  Assimilator  
  50  20:30  Pylon  
  50  20:31  Pylon  
  50  20:33  Forge  
  50  20:36  Phoenix  
  52  20:47  Phoenix  
  54  20:52  Forge  
  54  20:54  Gateway  
  26  21:19  Photon Cannon  
Tags
 
Add a new tag
Caveats
  • Supply blocks, unpowered buildings, or Contaminate may cause inaccurate times.
  • Supply counts are checked every 10 seconds.